 Dungeon Crawl Stone Soup version 0.17-a0-1778-gd369669 (webtiles) character file.

30 4thArraOfDagon the Gusty (level 3, -2/26 HPs)
             Began as a Centaur Air Elementalist on Sept 8, 2015.
             Slain by a worm (11 damage)
             ... on level 2 of the Dungeon.
             The game lasted 00:05:55 (1034 turns).

4thArraOfDagon the Gusty (Centaur Air Elementalist) Turns: 1034, Time: 00:05:55

Health: -2/26      AC:  4    Str: 10    XL:     3   Next: 5%
Magic:  3/6        EV:  9    Int: 15    God:
Gold:   74         SH:  0    Dex:  9    Spells: 2 memorised, 3 levels left

rFire  . . .     SeeInvis .     p - +0 short sword (venom)
rCold  . . .     Clarity  .     a - +0 robe
rNeg   + . .     SustAt   .     (no shield)
rPois  .         Gourm    .     (no helmet)
rElec  .         Spirit   .     (no cloak)
rCorr  .         Warding  .     (no gloves)
rMut   .         Stasis   .     (no barding)
MR     .....                    (no amulet)
Stlth  +.........               (no ring)
                                n - ring of positive energy

@: very slightly contaminated, repel missiles, very quick, not resistant to
hostile enchantments, very unstealthy
A: hooves 3, deformed body, speed 2, tough skin 3
a: no special abilities


You were on level 2 of the Dungeon.
You were not hungry.

You visited 1 branch of the dungeon, and saw 3 of its levels.

You collected 74 gold pieces.

Inventory:

Hand weapons
 f - a +0 dagger
 j - a +0 spear
 o - a +0 bardiche
 p - a +0 short sword of venom (weapon)
Missiles
 e - 55 stones (quivered)
Armour
 a - a +0 robe (worn)
 g - a +0 ring mail of poison resistance
Jewellery
 n - a ring of positive energy (left hand)
Scrolls
 h - a scroll of remove curse
 m - 2 scrolls of fog {unknown}
Potions
 d - 3 potions of poison {unknown}
 i - a potion of lignification {unknown}
 k - a potion of invisibility
Books
 b - a book of Air

   Spells                             Type                      Level
   a - Shock                          Conjuration/Air              1
   b - Swiftness                      Charms/Air                   2
   c - Repel Missiles                 Charms/Air                   2
   d - Static Discharge               Conjuration/Air              3
   e - Lightning Bolt                 Conjuration/Air              5
Comestibles
 c - 2 bread rations
 l - 3 chunks of flesh


   Skills:
 + Level 0.0 Fighting
 * Level 0.1 Polearms
 + Level 1.4 Dodging
 - Level 1.2 Stealth
 - Level 2.0 Spellcasting
 - Level 1.5 Conjurations
 - Level 3.1 Air Magic


You had 3 spell levels left.
You knew the following spells:

 Your Spells              Type           Power        Failure   Level  Hunger
a - Shock                 Conj/Air       #...         12%         1    #......
b - Repel Missiles        Chrm/Air       #.....       17%         2    ###....


Dungeon Overview and Level Annotations

Branches:
Dungeon (3/15)

Altars:


Innate Abilities, Weirdness & Mutations

You have hooves in place of feet.
Armour fits poorly on your strangely shaped body.
You cover ground very quickly.
You have extremely tough skin (AC +3).


Message History

Casting: Shock
Confirm with . or Enter, or press ? or * to list all spells.
Aiming: Shock
Press: ? - help, Shift-Dir - straight line, f/p - worm
Aim: a worm (moderately wounded, poisoned)
The zap hits the worm.
The worm is moderately wounded.
The bat barely misses you.
Casting: Shock
Confirm with . or Enter, or press ? or * to list all spells.
Aiming: Shock
Press: ? - help, Shift-Dir - straight line, f/p - worm
Aim: a worm (heavily wounded, poisoned)
The zap hits the worm.
The worm is severely wounded.
The bat hits you but does no damage.
You hit the worm.
The worm is severely wounded.
The bat closely misses you. The worm bites you!
You die...

######***####.#.#########*******
......,,,................,,,,,>*
######***####.#.#.######******,*
*...#.# *,* ####*****#####.# *,*
#..,,,,,,,,..#.# *,*
#.##########.#.# *,**
####.#........#.#w######******,,*
................@........,,,,,,,*
..##.#........#.#b#######*****,,*
#.##.#..#####.#.#.# **,*
#.##.#....**#.#.#.# *,*
#.##....#..,..#.#.# *,*
#.####.########.#.# *,,
#..,,...,,,,....#.## **,
###*##.########....### *,
,,,,,,,,.....).<.....# **


You could see a worm and a bat.

Vanquished Creatures
  2 giant geckos
  A giant cockroach (D:1)
  4 hobgoblins
  2 jackals
  A quokka (D:3)
  3 bats
  3 giant newts (D:2)
  2 goblins
  6 kobolds
  4 rats
28 creatures vanquished.

Notes
Turn   | Place    | Note
--------------------------------------------------------------
     0 | D:1      | 4thArraOfDagon the Centaur Air Elementalist began the quest for the Orb.
     0 | D:1      | Reached XP level 1. HP: 14/14 MP: 3/3
    30 | D:1      | Reached skill level 1 in Conjurations
   232 | D:1      | Reached skill level 3 in Air Magic
   257 | D:2      | Reached XP level 2. HP: 4/20 MP: 0/4
   490 | D:2      | Learned a level 2 spell: Repel Missiles
   974 | D:3      | Reached XP level 3. HP: 13/26 MP: 6/6
  1034 | D:2      | Slain by a worm

Vault maps used:
D:1:      scummos_arrival_forest, minmay_misc_feat_rows, minivault_24
D:2:      minmay_overflow_temple_star_quad, first_bread

Action                   || total
-------------------------++-------
Melee: Unarmed           ||     5
       Dagger            ||    12
       Short sword       ||    19
       Spear             ||     5
Throw: Stone             ||    13
 Cast: Shock             ||    35
       Repel Missiles    ||     1
  Use: Scroll            ||     3
  Eat: Chunk             ||     1
